 Dungeon Crawl Stone Soup version 0.29-a0-322-g68df515428 (webtiles) character file.

Game seed: 5533766744600884813

57913 bande the Blocker (level 14, -2/86 (88) HPs)
             Began as a Gargoyle Fighter on Apr 9, 2022.
             Was the Champion of Okawaru.
             Slain by a yaktaur captain (8 damage)
             ... on level 12 of the Dungeon.
             The game lasted 00:43:55 (19404 turns).

bande the Blocker (Gargoyle Fighter)               Turns: 19404, Time: 00:43:56

HP:   -2/86 (88)    AC: 45    Str: 20    XL:     14   Next: 88%
MP:   21/21         EV:  5    Int:  9    God:    Okawaru [******]
Gold: 1279          SH:  0    Dex: 13    Spells: 13/13 levels left

rFire   + . .      SeeInvis .   c - +9 war axe of Titudy {vorpal, rPois rF+ Int-4}
rCold   . . .      Faith    .   g - +2 kite shield {AC+3}
rNeg    + . .      Spirit   .   z - +0 plate armour
rPois   ∞          Reflect  +   r - +1 helmet {Int+3}
rElec   +          Harm     .   x - +1 cloak
rCorr   .          Rampage  .   t - +0 pair of gloves of Resilience {Will+ Slay+3}
Will    ++...                   e - +2 pair of boots {Stlth+}
Stlth   ..........              o - amulet of reflection
HPRegen 0.24/turn               p - +4 ring of protection
MPRegen 0.17/turn               y - +4 ring of protection

@: confused, ambrosia-drunk, flying, studying Shields, lightly drained
A: sickness immunity, AC +10, big wings, negative energy resistance 1,
electricity resistance, torment resistance 1, petrification resistance
a: Renounce Religion, Heroism, Finesse, Duel


You were on level 12 of the Dungeon.
You worshipped Okawaru.
Okawaru was exalted by your worship.
You visited 3 branches of the dungeon, and saw 19 of its levels.
You also visited: Sewer.

You collected 1279 gold pieces.

Inventory:

Hand Weapons
 a - the +7 fustibalus "Teek Notzo" {vorpal, Str+3}
   (Okawaru gifted it to you on level 3 of the Lair of Beasts)

   Any ammunition fired from it inflicts extra damage upon your enemies.
   Str:       It affects your strength (+3).
 c - the +9 war axe of Titudy (weapon) {vorpal, rPois rF+ Int-4}
   (You acquired it on level 1 of the Dungeon)

   It inflicts extra damage upon your enemies.
   Int:       It affects your intelligence (-4).
   rF:        It protects you from fire.
   rPois:     It protects you from poison.
 O - a +3 vorpal broad axe
 Q - a +0 mace
Missiles
 b - 3 throwing nets (quivered)
Armour
 e - a +2 pair of boots of stealth (worn)
 g - a +2 kite shield of protection (worn)
 r - a +1 helmet of intelligence (worn)
 t - the +0 pair of gloves of Resilience (worn) {Will+ Slay+3}
   (Okawaru gifted it to you on level 6 of the Lair of Beasts)

   Slay:      It affects your accuracy & damage with ranged weapons and melee
   (+3).
   Will:      It increases your willpower.
 x - a +1 cloak (worn)
 z - a +0 plate armour (worn)
 F - the +1 tower shield of Toothy Fun {rF+}
   (Okawaru gifted it to you on level 1 of the Lair of Beasts)

   rF:        It protects you from fire.
 K - the +0 scale mail of Zuzi Paom {rElec rC++ Int+3 Stlth-}
   (You found it on level 1 of the Lair of Beasts)

   Int:       It affects your intelligence (+3).
   rC:        It greatly protects you from cold.
   rElec:     It insulates you from electricity.
   Stlth:     It makes you less stealthy.
Jewellery
 l - a ring of magical power
 o - an amulet of reflection (around neck)
 p - a +4 ring of protection (left hand)
 y - a +4 ring of protection (right hand)
 H - a ring of fire
 I - a ring of resist corrosion
 J - a ring of positive energy
 L - a ring of see invisible
 V - a ring of ice
 W - a ring of protection from cold
Wands
 q - a wand of flame (6)
 w - a wand of acid (12)
 C - a wand of iceblast (13)
 S - a wand of digging (2)
Scrolls
 f - 21 scrolls of teleportation
 i - 6 scrolls of enchant armour
 m - 3 scrolls of fog
 s - 2 scrolls of enchant weapon
 A - 2 scrolls of blinking
 B - 2 scrolls of fear
 R - a scroll of silence
Potions
 d - 2 potions of might
 h - 8 potions of curing
 j - a potion of ambrosia
 k - 7 potions of cancellation
 n - 5 potions of resistance
 u - 5 potions of haste
 v - a potion of magic
 E - a potion of berserk rage
 G - a potion of brilliance
 M - a potion of mutation
 N - 2 potions of heal wounds
 P - a potion of invisibility
Miscellaneous
 D - a phial of floods


   Skills:
 + Level 10.0 Fighting
 + Level 13.6 Axes
 + Level 9.0 Armour
 + Level 14.7 Shields
 * Level 10.2 Invocations
 * Level 9.5 Evocations


You had 13 spell levels left.
You didn't know any spells.
Your spell library contained the following spells:

 Spells                   Type           Power      Damage    Failure   Level
 Pain                     Necr           0%         1d4       100%        1
 Shock                    Conj/Air       0%         1d3       100%        1
 Blink                    Tloc           0%         N/A       100%        2
 Corpse Rot               Necr/Air       0%         N/A       100%        2
 Ensorcelled Hibernation  Hex/Ice        0%         N/A       100%        2
 Passwall                 Tmut/Erth      0%         N/A       100%        2
 Poisonous Vapours        Pois/Air       0%         N/A       100%        2
 Static Discharge         Conj/Air       0%         N/A       100%        2
 Inner Flame              Hex/Fire       0%         N/A       100%        3
 Portal Projectile        Hex/Tloc       0%         N/A       100%        3
 Swiftness                Air            0%         N/A       100%        3
 Vampiric Draining        Necr           0%         2d6       100%        3
 Airstrike                Air            0%         N/A       100%        4
 Cause Fear               Hex            0%         N/A       100%        4
 Blade Hands              Tmut           0%         N/A       100%        5
 Borgnjor's Vile Clutch   Necr/Erth      0%         N/A       100%        5
 Excruciating Wounds      Necr           0%         N/A       100%        5
 Lightning Bolt           Conj/Air       0%         1d11      100%        5
 Manifold Assault         Tloc           0%         N/A       100%        5
 Storm Form               Tmut/Air       0%         N/A       100%        7
 Discord                  Hex            0%         N/A       100%        8
 Maxwell's Capacitive Co  Air            0%         ∞         100%        8
 Animate Skeleton         Necr           Unusable   N/A       N/A         1
 Animate Dead             Necr           Unusable   N/A       N/A         4
 Death Channel            Necr           Unusable   N/A       N/A         6

Dungeon Overview and Level Annotations

Branches:
Dungeon (12/15)            Temple (1/1) D:6            Lair (6/6) D:10
  Swamp (0/4) Lair:3        Snake (0/4) Lair:2        Slime (0/5) Lair:5
  Sewer (visited)
    Orc: D:9-12

Altars:
Ashenzari
Cheibriados
Dithmenos
Elyvilon
Gozag
Hepliaklqana
Makhleb
Nemelex Xobeh
Okawaru
Ru
Uskayaw
Vehumet
Yredelemnul

Shops:
D:8 ?

Portals:
Trove: D:11 (give +4 ice dragon scales)


Innate Abilities, Weirdness & Mutations

You are immune to sickness and miasma.
Your stone body is resilient. (AC +10)
You are immune to poison.
Your large and strong wings let you fly.
You resist negative energy. (rN+)
You are resistant to electric shocks. (rElec)
You are resistant to unholy torment.
You are immune to petrification.


Message History

The shadow dragon barely misses you.
The shadow dragon claws you but does no damage. x2
You slash the shadow dragon!
The shadow dragon is moderately wounded.
You block the shadow dragon's attack.
The shadow dragon claws you but does no damage. x2
You slash the shadow dragon!
The shadow dragon is moderately wounded.
The shadow dragon bites you!
* * * LOW HITPOINT WARNING * * *
You block the shadow dragon's attack. x2
You slash the shadow dragon!
The shadow dragon is heavily wounded.
You block the shadow dragon's attack. x3
You slice the shadow dragon!!
The shadow dragon is severely wounded.
You block the shadow dragon's attack. x3
You completely miss the shadow dragon.
The shadow dragon is severely wounded.
You slash the yaktaur captain! The yaktaur captain hits you.
* * * LOW HITPOINT WARNING * * *
You block the shadow dragon's attack.
The shadow dragon claws you but does no damage. x2
Unknown command.
You barely miss the yaktaur captain.
The yaktaur captain is lightly wounded.
You hit the shadow dragon but do no damage.
The yaktaur captain hits you.
* * * LOW HITPOINT WARNING * * *
You block the shadow dragon's attack. x3
You slash the yaktaur captain!
The yaktaur captain is moderately wounded.
You barely miss the shadow dragon.
The yaktaur captain hits you but does no damage.
The shadow dragon breathes negative energy at you.
The bolt of negative energy hits you! You partially resist.
You feel drained.
* * * LOW HITPOINT WARNING * * *
You are confused.
You feel invigorated. The yaktaur captain hits you!
You die...

...##................
.....................##
....(............## ....
................####.#..
........................
.............$......###.
...!...............##...
../............)..##.##.
..............(.@.#.##..
..............)cD|#.#...
....<............)......
..................#.#...
............^....##.#..[
............###.##.##...
...........##.....##....
........#.##.##.###.....
........#.#.#


You could see a shadow dragon (catching breath) and a yaktaur captain.

Vanquished Creatures
  A stone giant (D:12)
  Snorg (Lair:3)
  A boulder beetle (D:12)
  Harold (D:10)
  7 hydras
  A centaur warrior (D:12)
  A tengu warrior (D:12)
  The ghost of Ekoynunot the Thaumaturge, a journeyman DjCj of Makhleb (D:10)
  6 death yaks (Lair:6)
  Nergalle (Lair:3)
  A skeletal warrior (D:12)
  A cyclops (D:12)
  An ugly thing (D:12)
  A manticore (D:12)
  5 black mambas
  2 torpor snails
  A gargoyle (D:7)
  14 cane toads
  15 komodo dragons
  2 rime drakes (Lair:4)
  13 hornets
  3 polar bears
  14 blink frogs
  4 trolls
  3 slime creatures (Lair:5)
  5 dream sheep (Lair:6)
  2 shadows
  3 wraiths
  A vampire (D:11)
  15 spriggans (Lair:6)
  8 wyverns
  6 basilisks
  53 yaks
  2 steam dragons
  2 vampire mosquitoes (D:11)
  3 nagas (Lair:2)
  2 acid dragons
  Duvessa (D:6)
  3 orc warriors
  4 ice beasts
  21 water moccasins
  2 sky beasts
  6 black bears (Lair:6)
  3 boggarts (Lair:6)
  24 wolves
  10 centaurs
  2 phantoms (D:4)
  5 kobold brigands
  14 bullfrogs
  4 gnoll sergeants (D:9)
  A scorpion (D:6)
  3 necrophages
  A wight (D:9)
  Dowan (D:6)
  14 killer bees
  3 electric eels (D:10)
  2 vampire bats (Lair:6)
  5 howler monkeys
  2 jellies
  6 orc priests
  A gnoll shaman (D:6)
  10 hounds
  6 iguanas
  5 orc wizards
  7 hell rats (Lair:5)
  Terence (D:3)
  Robin (D:2)
  25 gnolls
  7 river rats
  16 adders
  A worm (D:2)
  5 dart slugs
  23 orcs
  15 ball pythons
  10 endoplasms
  7 giant cockroaches
  13 goblins
  12 hobgoblins
  5 jackals
  4 quokkas
  12 bats
  A frilled lizard (D:1)
  24 kobolds
  24 rats
575 creatures vanquished.

Vanquished Creatures (others)
  54 fungi
  62 plants
116 creatures vanquished.

Grand Total: 691 creatures vanquished

Notes
Turn   | Place    | Note
-------+----------+-------------------------------------------
     0 | D:1      | bande the Gargoyle Fighter began the quest for the Orb.
     0 | D:1      | Reached XP level 1. HP: 14/14 MP: 1/1
    25 | D:1      | Reached XP level 2. HP: 19/19 MP: 2/2
   644 | D:1      | Reached XP level 3. HP: 9/23 MP: 3/3
   859 | D:1      | Identified 3 scrolls of acquirement
   859 | D:1      | Acquired a +2 kite shield of protection
   874 | D:1      | Acquired the +9 war axe of Titudy {vorpal, rPois rF+ Int-4}
  1122 | D:1      | Found a faded altar of an unknown god.
  1409 | D:2      | Noticed Robin
  1432 | D:2      | Reached XP level 4. HP: 21/29 MP: 4/4
  1436 | D:2      | Killed Robin
  2577 | D:3      | Reached XP level 5. HP: 33/33 MP: 5/5
  2719 | D:3      | Reached skill level 4 in Shields
  2766 | D:3      | Noticed Terence
  2774 | D:3      | Killed Terence
  2898 | D:3      | Found a glowing drain.
  2902 | Sewer    | Entered a sewer
  3010 | Sewer    | Reached XP level 6. HP: 38/38 MP: 6/6
  3105 | Sewer    | Identified the +0 hunting sling of Discretion {flame, Drain
                  | Fly rC+}
  3177 | Sewer    | Reached skill level 5 in Axes
  3177 | Sewer    | Reached XP level 7. HP: 43/44 MP: 7/7
  3393 | D:4      | Acquired a +2 pair of boots of stealth
  3597 | D:4      | Reached skill level 5 in Shields
  3597 | D:4      | Reached skill level 1 in Evocations
  3645 | D:4      | Identified the +2 robe "Reggipsyih" {Harm}
  3947 | D:5      | Entered Level 5 of the Dungeon
  3975 | D:5      | Reached XP level 8. HP: 48/48 MP: 8/8
  4012 | D:5      | Found a sacrificial altar of Ru.
  4089 | D:5      | Found a snail-covered altar of Cheibriados.
  4245 | D:5      | Found a basalt altar of Yredelemnul.
  4380 | D:6      | Reached skill level 5 in Fighting
  4383 | D:6      | Reached skill level 5 in Armour
  4472 | D:6      | Reached skill level 6 in Shields
  4523 | D:6      | Noticed Duvessa
  4523 | D:6      | Noticed Dowan
  4529 | D:6      | Killed Duvessa
  4538 | D:6      | Killed Dowan
  4539 | D:6      | Reached XP level 9. HP: 53/54 MP: 9/9
  4927 | D:6      | Found a staircase to the Ecumenical Temple.
  4933 | Temple   | Entered the Ecumenical Temple
  4971 | Temple   | Became a worshipper of Warmaster Okawaru
  5267 | D:6      | Reached skill level 1 in Invocations
  5620 | D:7      | You fall into a shaft and drop 1 floor!
  5637 | D:8      | Reached * piety under Okawaru
  5645 | D:8      | Reached skill level 7 in Shields
  5816 | D:7      | Noticed a gargoyle
  5827 | D:7      | Killed a gargoyle
  5827 | D:7      | Reached ** piety under Okawaru
  5828 | D:7      | Reached XP level 10. HP: 38/60 MP: 12/12
  6278 | D:7      | Reached *** piety under Okawaru
  6591 | D:8      | Found Kulor's Magic Scroll Boutique.
  6781 | D:8      | Reached skill level 8 in Shields
  6781 | D:8      | Reached skill level 5 in Evocations
  7770 | D:9      | Reached **** piety under Okawaru
  7776 | D:9      | Reached XP level 11. HP: 66/66 MP: 14/14
  8092 | D:10     | Entered Level 10 of the Dungeon
  8097 | D:9      | Reached skill level 5 in Invocations
  8268 | D:10     | Noticed Harold
  8289 | D:10     | Killed Harold
  8289 | D:10     | Reached ***** piety under Okawaru
  8290 | D:10     | Reached skill level 10 in Axes
  8290 | D:10     | Reached skill level 9 in Shields
  8834 | D:10     | Found a staircase to the Lair.
  9274 | Lair:1   | Entered Level 1 of the Lair of Beasts
  9279 | Lair:1   | Noticed Ekoynunot's ghost (journeyman DjCj)
  9285 | Lair:1   | Found a runed translucent gate.
  9285 | Lair:1   | Found a runed translucent gate.
  9286 | Lair:1   | Found a runed translucent gate.
  9352 | Lair:1   | Identified the +1 tower shield of Toothy Fun {rF+} (Okawaru
                  | gifted it to you on level 1 of the Lair of Beasts)
  9352 | Lair:1   | Received a gift from Okawaru
  9781 | Lair:1   | Reached ****** piety under Okawaru
 10204 | Lair:1   | Identified the +0 scale mail of Zuzi Paom {rElec rC++ Int+3
                  | Stlth-}
 10298 | D:10     | Reached XP level 12. HP: 72/72 MP: 16/16
 10417 | D:10     | Killed Ekoynunot's ghost
 10548 | Lair:2   | Reached skill level 10 in Shields
 11120 | Lair:2   | Noticed a four-headed hydra
 11141 | Lair:2   | Killed a 13-headed hydra
 11566 | Lair:2   | Found a staircase to the Snake Pit.
 11903 | Lair:2   | Noticed a seven-headed hydra
 11918 | Lair:2   | Killed a seven-headed hydra
 11918 | Lair:2   | Received a gift from Okawaru
 12632 | Lair:3   | Noticed a five-headed hydra
 12636 | Lair:3   | Noticed Nergalle
 12646 | Lair:3   | Killed a five-headed hydra
 12647 | Lair:3   | Reached skill level 11 in Shields
 12660 | Lair:3   | Killed Nergalle
 12661 | Lair:3   | Reached XP level 13. HP: 78/79 MP: 18/18
 12870 | Lair:3   | Found a staircase to the Swamp.
 13089 | Lair:3   | Noticed Snorg
 13113 | Lair:3   | HP: 3/79 [Snorg (5)]
 13115 | Lair:3   | Killed Snorg
 13172 | Lair:3   | Identified the +7 fustibalus "Teek Notzo" {vorpal, Str+3}
                  | (Okawaru gifted it to you on level 3 of the Lair of Beasts)
 13172 | Lair:3   | Received a gift from Okawaru
 14767 | Lair:4   | Acquired a manual of Shields
 15427 | Lair:5   | Reached skill level 12 in Shields
 15429 | Lair:5   | Received a gift from Okawaru
 15688 | Lair:5   | Found a staircase to the Slime Pits.
 16046 | Lair:6   | Entered Level 6 of the Lair of Beasts
 16434 | Lair:6   | Received a gift from Okawaru
 16761 | Lair:6   | Gained mutation: Your large and strong wings let you fly.
                  | [Gargoyle growth]
 16761 | Lair:6   | Reached XP level 14. HP: 74/86 MP: 21/21
 17030 | Lair:6   | Reached skill level 13 in Shields
 17798 | Lair:6   | Identified the +0 pair of gloves of Resilience {Will+
                  | Slay+3} (Okawaru gifted it to you on level 6 of the Lair of
                  | Beasts)
 17798 | Lair:6   | Received a gift from Okawaru
 17799 | Lair:6   | Reached skill level 14 in Shields
 18042 | Lair:6   | Reached skill level 10 in Invocations
 18493 | D:11     | Found a portal to a secret trove of treasure.
 19375 | D:12     | Noticed a stone giant
 19377 | D:12     | Identified the ring of Gymueseg {Drain rElec Str+6 Int-5
                  | Dex+10}
 19378 | D:12     | Noticed a shadow dragon
 19391 | D:12     | Reached skill level 10 in Fighting
 19392 | D:12     | Killed a stone giant
 19403 | D:12     | HP: 3/86 [shadow dragon/bolt of negative energy (7)]
 19404 | D:12     | Slain by a yaktaur captain

Illustrated notes

Levels and vault maps discovered:
D:1:      mrwooster_arrival_arrow, layout_basic,
          dreamdust_ecumenical_altar_hidden_monk_grotto, serial_rivers,
          chequers_serial_rivers_room_b, chequers_serial_rivers_small_b,
          chequers_serial_rivers_marsh, chequers_serial_rivers_room_a
D:2:      layout_basic, uniq_robin
D:3:      layout_basic, gup_sewer_entry_spiral, uniq_terence
D:4:      layout_cave_pools, minivault_19, glass_columns_b,
          hangedman_abyss_or_decor_stagger, columned_hall_lemuel
D:5:      layout_rooms, lemuel_crystal_altar, kennysheep_slug_shrine,
          nicolae_ru_awakened_eye, serial_park_tiny_2
D:6:      layout_basic, minmay_temple_entry_drinking_statues, uniq_duvessa
D:7:      layout_loops_cross, chequers_serial_rivers_marsh,
          hangedman_abyss_or_decor_passed
D:8:      layout_basic, serial_shops, shop
D:9:      layout_basic, kennysheep_generic_room_6
D:10:     layout_basic, erik_lair_island, uniq_harold
D:11:     layout_roguey, enter_trove_1, grunt_ministairs_11
D:12:     minmay_strange_plus, layout_cave_pools,
          kennysheep_orc_monster_closet_entryway, elyvilon_altar_5
Temple:   mainiacjoe_temple_bowtie_tessellation
Lair:1:   layout_regular_city, gammafunk_ghost_split,
          chequers_serial_rivers_large_b, serial_bayou_pond_c
Lair:2:   layout_roguey, minmay_snake_entry_guardpost_small,
          chequers_serial_rivers_micro_d, st_stairs_7, minivault_19,
          nzn_random_ring
Lair:3:   layout_cave_pods, minmay_swamp_entry_reptiles, uniq_nergalle,
          uniq_snorg
Lair:4:   layout_cave_pods
Lair:5:   layout_gridlike, minmay_slime_entry_pillars
Lair:6:   minmay_lair_end_enchanted_forest, layout_layer_cave, st_stairs_6,
          roderic_batcave, dreamdust_wasp_nest

Skill      XL: |  1  2  3  4  5  6  7  8  9 10 11 12 13 14 |
---------------+-------------------------------------------+-----
Axes           | 2 3 4 5 7 8 9 10 11 12 13 | 13.6
Armour         | 4 5 6 7 8 9 |  9.0
Fighting       | 4 5 6 7 8 9 10 | 10.0
Shields        | 4 5 6 7 8 9 11 12 14 | 14.7
Evocations     | 1 3 4 5 6 7 8 9 |  9.5
Invocations    | 3 4 6 7 9 10 | 10.2

Action                   |  1- 3 |  4- 6 |  7- 9 | 10-12 | 13-15 || total
-------------------------+-------+-------+-------+-------+-------++-------
Melee: War axe           |   109 |   104 |   232 |   558 |   683 ||  1686
       Mace              |       |       |       |       |    40 ||    40
Invok: Heroism           |       |       |       |       |     3 ||     3
Evoke: Wand              |       |       |       |    25 |     8 ||    33
  Use: Scroll            |     5 |     9 |     8 |     3 |     9 ||    34
       Potion            |       |       |       |     1 |     3 ||     4
Armor: Scale mail        |    61 |    44 |    53 |       |       ||   158
       Plate armour      |       |       |    42 |   424 |   473 ||   939
Dodge: Dodged            |    48 |    35 |    37 |   110 |   128 ||   358
Block: Buckler           |    16 |       |       |       |       ||    16
       Kite shield       |    24 |    99 |   191 |   638 |   772 ||  1724
       Reflection        |       |       |    18 |    14 |    18 ||    50

Table legend: (Time is in decaauts)
 A = Elapsed time spent in this place.
 B = Non-inter-level travel time spent in this place.
 C = Inter-level travel time spent in this place.
 D = Time resting spent in this place.
 E = Time spent auto-exploring this place.
 F = Levels seen in this place.
 G = Mean time per level.
                   A        B        C        D        E       F      G
               +--------+--------+--------+--------+--------+-----+--------+
         Total |  19748 |  19389 |    359 |   2828 |  12011 |  20 |  987.4 |
       Dungeon |  10297 |  10015 |    282 |   1360 |   6297 |  12 |  858.1 |
        Temple |     85 |     58 |     27 |      0 |     45 |   1 |   85.0 |
          Lair |   9011 |   8961 |     50 |   1468 |   5448 |   6 | 1501.8 |
         Sewer |    354 |    354 |      0 |      0 |    220 |   1 |  354.0 |
               +--------+--------+--------+--------+--------+-----+--------+

Top non-repeatable levels by time:
  Lair:6: 1954 daAuts
  Lair:2: 1808 daAuts
  Lair:3: 1686 daAuts
     D:1: 1389 daAuts
  Lair:1: 1378 daAuts
     D:9: 1228 daAuts
     D:6: 1221 daAuts
  Lair:4: 1174 daAuts
  Lair:5: 1008 daAuts
    D:10: 998 daAuts
     D:2: 968 daAuts
     D:7: 914 daAuts
     D:3: 812 daAuts
    D:11: 781 daAuts
     D:8: 763 daAuts
